 Dungeon Crawl Stone Soup version 0.25-a0-292-gaa31f046c4 (webtiles) character file.

Game seed: 3152384181816607438, levelgen mode: deterministic

383 MoonlitKnight the Conjurer (level 6, -5/32 HPs)
             Began as a Deep Elf Conjurer on Dec 15, 2019.
             Killed by nerve-wracking pain
             ... invoked by a shadow imp
              (14 damage)
             ... on level 5 of the Dungeon.
             The game lasted 00:08:52 (3684 turns).

MoonlitKnight the Conjurer (Deep Elf Conjurer)      Turns: 3684, Time: 00:08:53

Health: -5/32      AC:  3    Str:  5    XL:     6   Next: 47%
Magic:  11/15      EV: 14    Int: 22    God:
Gold:   158        SH:  0    Dex: 15    Spells: 5/15 levels left

rFire    . . .     SeeInvis .   d - +0 quarterstaff
rCold    . . .     Gourm    .   (shield currently unavailable)
rNeg     . . .     Faith    .   a - +0 robe
rPois    .         Spirit   .   g - +0 helmet
rElec    .         Reflect  .   (no cloak)
rCorr    .         Harm     .   (no gloves)
MR       .....                  (no boots)
Stlth    +++.......             (no amulet)
HPRegen  0.10/turn              (no ring)
MPRegen  0.14/turn              l - ring of stealth

@: no status effects
A: no striking features
a: no special abilities


You were on level 5 of the Dungeon.
You were not hungry.

You visited 1 branch of the dungeon, and saw 5 of its levels.

You collected 158 gold pieces.

Inventory:

Hand Weapons
 d - a +0 quarterstaff (weapon)
Armour
 a - a +0 robe (worn)
 g - a +0 helmet (worn)
Jewellery
 l - a ring of stealth (right hand)
Scrolls
 i - a scroll of fog {unknown}
 j - 2 scrolls of remove curse
Potions
 f - a potion of mutation
 h - 2 potions of might
 k - a potion of agility {unknown}
 m - a potion of resistance {unknown}
 n - a potion of lignification {unknown}
 o - 2 potions of curing
Comestibles
 c - 5 rations
 p - a chunk of flesh


   Skills:
 + Level 4.5 Dodging
 - Level 2.4 Stealth
 + Level 5.3 Spellcasting
 - Level 5.6 Conjurations
 * Level 4.3 Hexes


You had 5 spell levels left.
You knew the following spells:

 Your Spells              Type           Power        Failure   Level  Hunger
a - Magic Dart            Conj           ####         1%          1    None
b - Searing Ray           Conj           ####..       1%          2    None
c - Dazzling Flash        Conj/Hex       ####..       3%          3    ##.....
d - Fulminant Prism       Conj/Hex       ####......   13%         4    ####...

Your spell library contained the following spells:

 Spells                   Type           Power        Failure   Level  Hunger
 Iskenderun's Mystic Bla  Conj/Tloc      ###.....     30%         4    ####...


Dungeon Overview and Level Annotations

Branches:
Dungeon (5/15)
 Temple: D:4-7

Altars:
Nemelex Xobeh
Ru
Wu Jian


Message History

The magic dart hits the shadow imp.
The shadow imp is almost dead.
The shadow imp gestures at you. Pain shoots through your body!
You closely miss the shadow imp.
The shadow imp is almost dead.
The shadow imp hits you but does no damage.
You closely miss the shadow imp.
The shadow imp is almost dead.
The shadow imp hits you. The shadow imp closely misses you.
You closely miss the shadow imp.
The shadow imp is almost dead.
The shadow imp gestures at you. Pain shoots through your body!
* * * LOW HITPOINT WARNING * * *
You closely miss the shadow imp.
The shadow imp is almost dead.
The shadow imp gestures at you. Pain shoots through your body!
You die...

##... ..# . .... ..#
.#.#.###..# ##
.........# .......
#.......# ###.##....
#..)....# #.. ......
..#....##.## #.#.##....
....#5@....###.#.##...
.....................###
................###.....
..........#####.."...#
...##.##### #####.<###
.. #. #)>... . .. #.##..
... #..+.. ## ####..


You could see a shadow imp.

Vanquished Creatures
  An ogre (D:4)
  2 centaur skeletons (D:4)
  A bullfrog skeleton (D:4)
  An orc priest (D:2)
  An orc wizard (D:2)
  An iguana (D:4)
  A worker ant (D:5)
  A hound skeleton (D:4)
  2 adders
  An adder skeleton (D:4)
  4 worms
  2 dart slugs
  A leopard gecko (D:3)
  7 orcs
  5 bats
  2 giant cockroaches
  A goblin (D:2)
  6 hobgoblins
  4 jackals
  6 kobolds
  A ball python (D:3)
  5 frilled lizards
  A leopard gecko skeleton (D:4)
  8 rats
65 creatures vanquished.

Notes
Turn   | Place    | Note
-------+----------+-------------------------------------------
     0 | D:1      | MoonlitKnight the Deep Elf Conjurer began the quest for the
                  | Orb.
     0 | D:1      | Reached XP level 1. HP: 10/10 MP: 6/6
   144 | D:1      | Reached XP level 2. HP: 15/15 MP: 1/8
   651 | D:2      | Learned a level 2 spell: Searing Ray
   667 | D:2      | Reached skill level 5 in Conjurations
   667 | D:2      | Reached XP level 3. HP: 19/19 MP: 1/10
   746 | D:2      | Reached XP level 4. HP: 13/24 MP: 8/11
  1372 | D:2      | Learned a level 3 spell: Dazzling Flash
  1377 | D:2      | Learned a level 4 spell: Fulminant Prism
  1476 | D:2      | Found a sacrificial altar of Ru.
  1476 | D:2      | Found a sparkling altar of Nemelex Xobeh.
  2228 | D:3      | Reached skill level 1 in Hexes
  2613 | D:3      | Found an ornate altar of the Wu Jian Council.
  2705 | D:4      | Reached XP level 5. HP: 28/28 MP: 8/13
  2791 | D:4      | Noticed an ogre
  2991 | D:4      | Noticed an ogre
  3007 | D:4      | Killed an ogre
  3007 | D:4      | Reached skill level 5 in Spellcasting
  3007 | D:4      | Reached XP level 6. HP: 32/32 MP: 9/15
  3512 | D:5      | Entered Level 5 of the Dungeon
  3684 | D:5      | Killed from afar by a shadow imp

Levels and vault maps discovered:
D:1:      dpeg_arrival_pond, layout_loops_cross
D:2:      layout_loops_corners, gammafunk_temple_overflow_wave
D:3:      layout_basic, nicolae_overflow_hidden_temple, first_ration,
          minmay_misc_feat_plants
D:4:      layout_cave_pods, lightli_sewer_entry_pipes, minmay_stone_trees_medium
D:5:      layout_basic, minmay_temple_entry_butterflies, uniq_sigmund,
          uniq_duvessa, uniq_crazy_yiuf_cottage

Skill      XL: |  1  2  3  4  5  6 |
---------------+-------------------+-----
Dodging        | 3 4 |  4.5
Conjurations   | 5 |  5.6
Spellcasting   | 4 5 |  5.3
Hexes          | 1 3 4 |  4.3
Stealth        | |  2.4

Action                   |  1- 3 |  4- 6 || total
-------------------------+-------+-------++-------
Melee: Whip              |     8 |     7 ||    15
       Quarterstaff      |       |     4 ||     4
 Cast: Magic Dart        |    25 |    72 ||    97
       Searing Ray       |     3 |    13 ||    16
       Dazzling Flash    |       |     1 ||     1
  Use: Scroll            |       |     5 ||     5
  Eat: Chunk             |       |     8 ||     8
Armor: Robe              |     2 |     2 ||     4
Dodge: Dodged            |     9 |    16 ||    25

Table legend:
 A = Non-vault XP
 B = Vault XP
 C = Vault XP percentage of total XP
 D = Non-vault monster count
 E = Vault monster count
 F = Vault count percentage of total count
                 A         B        C        D         E       F
            +---------+---------+-------+---------+---------+-------
      Total |     548 |       0 |   0.0 |      65 |       0 |   0.0
            +---------+---------+-------+---------+---------+-------
        D:1 |      25 |       0 |   0.0 |      16 |       0 |   0.0
        D:2 |     130 |       0 |   0.0 |      19 |       0 |   0.0
        D:3 |      27 |       0 |   0.0 |      14 |       0 |   0.0
        D:4 |     320 |       0 |   0.0 |      14 |       0 |   0.0
        D:5 |      46 |       0 |   0.0 |       2 |       0 |   0.0
            +---------+---------+-------+---------+---------+-------
